AoeStats
← DS_Lancera Esteparia

Arena

508575611Analyzed
4v4 RM · 10d ago on Sep 23, 2026· 37m 8s· 8 players
Game mode
Random Map
Map size
Large (8 player)
Population
200
Speed
Normal
Resources
Standard
Victory
Conquest
Starting age
Dark Age
Ending age
Imperial Age
RankedLock teamsTeams togetherTeam positionsShared explorationLock speedFull tech treeHidden civsTurbo modeCheats
Victory
Defeat
🇧🇷 Bulgarians · Brazil
1476
+13
🇵🇪 Vietnamese · Peru
1464
+13
🇵🇪 Saxons · Peru
1463
+13
🇨🇳 Franks · China
1428
+15
🇨🇷 Koreans · Costa Rica
1558
-19
🇦🇷 Bohemians · Argentina
1540
-18
🇨🇴 Persians · Colombia
1371
-12
🇦🇷 Spanish · Argentina
1145
-5
大骚刚
10:22 Feudal Age
12:08 Double-Bit Axe
14:28 Castle Age
15:42 Bow Saw
16:09 Wheelbarrow
24:32 Hand Cart
24:16 Gold Mining
25:38 Gold Shaft Mining
28:44 Imperial Age
25:59 Loom
27:46 Fervor
27:45 Scale Barding Armor
27:51 Forging
27:29 Treadmill Crane
29:09 Chain Barding Armor
29:25 Iron Casting
29:12 Husbandry
28:47 Cavalier
29:50 Conscription
30:30 Plate Barding Armor
30:44 Paladin
34:05 Blast Furnace
34:05 Coinage
33:32 Town Watch
34:35 Town Patrol
35:30 Banking
36:02 Siege Engineers
36:18 Ballistics
36:59 Chemistry
36:10 Masonry
enricodias
11:26 Feudal Age
15:14 Castle Age
13:54 Scale Barding Armor
13:42 Horse Collar
15:02 Double-Bit Axe
15:10 Gold Mining
16:33 Chain Barding Armor
16:37 Bow Saw
17:10 Forging
21:03 Bloodlines
22:42 Scale Mail Armor
23:39 Husbandry
23:45 Squires
24:02 Chain Mail Armor
25:33 Iron Casting
25:36 Loom
28:22 Gold Shaft Mining
29:29 Devotion
33:29 Fletching
36:23 Wheelbarrow
35:35 Town Watch
39:03 Imperial Age
Manuel24
7:56 Loom
10:07 Feudal Age
14:07 Castle Age
12:26 Man-at-Arms
13:15 Scale Mail Armor
14:50 Double-Bit Axe
23:28 Wheelbarrow
23:50 Chain Mail Armor
25:12 Bow Saw
25:18 Horse Collar
26:11 Long Swordsman
27:46 Forging
28:24 Squires
28:09 Gambesons
29:52 Gold Mining
29:53 Stone Mining
31:35 Hand Cart
32:12 Heavy Plow
39:03 Imperial Age
38:09 Gold Shaft Mining
ACN_Mk
10:29 Feudal Age
11:13 Loom
14:30 Castle Age
12:26 Horse Collar
13:20 Double-Bit Axe
17:57 Bow Saw
21:05 Heavy Plow
23:40 Wheelbarrow
24:55 Town Watch
26:56 Pikeman
29:38 Hand Cart
33:06 Imperial Age
32:45 Scale Barding Armor
33:34 Chain Barding Armor
33:53 Forging
34:18 Bloodlines
33:29 Elite Battle Elephant
33:48 Elite Battle Elephant
35:21 Plate Barding Armor
35:26 Husbandry
36:23 Devotion
37:11 Chatras
DS_Exe19
10:58 Feudal Age
14:53 Castle Age
16:18 Double-Bit Axe
16:15 Horse Collar
20:28 Wheelbarrow
20:57 Bow Saw
25:31 Wheelbarrow
27:02 Gold Mining
31:18 Heavy Plow
33:36 Loom
36:55 Imperial Age
34:44 Hand Cart
34:15 Loom
34:16 Town Watch
34:52 Masonry
37:14 Scale Barding Armor
37:19 Forging
DS_Erick307
10:06 Feudal Age
13:41 Castle Age
14:53 Double-Bit Axe
15:21 Horse Collar
16:38 Bow Saw
20:24 Loom
21:16 Wheelbarrow
24:35 Hand Cart
28:09 Imperial Age
27:09 Town Watch
27:57 Fervor
29:21 Squires
30:40 Chemistry
31:56 Scale Mail Armor
31:56 Padded Archer Armor
33:49 Houfnice
36:15 Scale Mail Armor
DS_Lancera Esteparia
11:26 Feudal Age
15:34 Castle Age
13:23 Double-Bit Axe
13:31 Horse Collar
16:23 Bow Saw
16:15 Heavy Plow
17:13 Wheelbarrow
17:48 Loom
22:49 Wheelbarrow
27:13 Scale Barding Armor
28:35 Fletching
29:52 Bloodlines
29:42 Husbandry
30:56 Gold Mining
31:26 Forging
33:06 Chain Barding Armor
33:23 Iron Casting
DS_TheHeartless
12:05 Feudal Age
15:54 Castle Age
13:40 Double-Bit Axe
14:10 Horse Collar
15:17 Loom
15:30 Loom
15:34 Loom
16:36 Town Watch
17:14 Bow Saw
17:06 Heavy Plow
27:19 Wheelbarrow
32:23 Imperial Age
30:28 Scale Mail Armor
30:38 Forging
30:38 Pikeman
31:19 Squires
31:33 Fortified Wall
32:29 Halberdier
34:13 Chain Mail Armor
34:40 Conscription
36:39 Plate Mail Armor
36:44 Iron Casting
Connection lost

Rejoining the realm…

Still unreachable

The connection could not be restored.

Session expired

The server has moved on; the page needs a fresh start.